 Dungeon Crawl Stone Soup version 0.27.1-3-gb3d3a73c9e (webtiles) character file.

Game seed: 14278880776570018380

4694 Descartes the Arsonist (level 10, -5/50 HPs)
             Began as a Deep Elf Fire Elementalist on Oct 7, 2021.
             Was an Initiate of Gozag.
             Slain by a wolf (8 damage)
             ... led by Grum
             ... on level 8 of the Dungeon.
             The game lasted 00:20:41 (10652 turns).

Descartes the Arsonist (DEFE)                      Turns: 10652, Time: 00:20:42

Health: -5/50      AC:  7    Str: 13    XL:     10   Next: 21%
Magic:  0/19       EV: 14    Int: 22    God:    Gozag
Gold:   124        SH:  0    Dex: 17    Spells: 8/19 levels left

rFire    . . .     SeeInvis .   d - +0 dagger
rCold    . . .     Faith    .   (no shield)
rNeg     . . .     Spirit   +   x - +0 steam dragon scales
rPois    .         Reflect  .   (no helmet)
rElec    .         Harm     .   z - +0 cloak
rCorr    .         Rampage  .   (no gloves)
Will     +....                  H - +0 pair of boots
Stlth    +++.......             j - amulet of guardian spirit
HPRegen  0.16/turn              w - +6 ring of strength
MPRegen  0.16/turn              (no ring)

@: gold aura
A: agile 1
a: Renounce Religion, Potion Petition, Call Merchant, Bribe Branch


You were on level 8 of the Dungeon.
You worshipped Gozag.
Gozag was aware of your devotion.
You visited 2 branches of the dungeon, and saw 9 of its levels.
You also visited: Sewer.

You collected 317 gold pieces.
You spent 120 gold pieces at shops.
You paid 73 gold pieces to Gozag.

Inventory:

Hand Weapons
 d - a +0 dagger (weapon)
 m - a +0 whip of freezing
Missiles
 b - a curare-tipped dart
 c - 235 stones
 i - 10 atropa-tipped darts
 k - 39 poisoned darts
 s - 6 javelins
 t - 80 arrows
 A - a throwing net
 C - 3 boomerangs of dispersal
 E - 13 sling bullets
Armour
 x - +0 steam dragon scales (worn)
 z - a +0 cloak (worn)
 H - a +0 pair of boots (worn)
Jewellery
 j - an amulet of guardian spirit (around neck)
 w - a +6 ring of strength (left hand)
Wands
 y - a wand of iceblast (16)
 F - a wand of paralysis (8)
 G - a wand of acid (6)
Scrolls
 f - 2 scrolls of immolation {unknown}
 g - 2 scrolls of teleportation
 h - 3 scrolls of noise
 n - 4 scrolls of amnesia
 p - a scroll of holy word {unknown}
 u - a scroll of silence {unknown}
 v - a scroll of identify
 B - a scroll of fog
Potions
 e - 4 potions of flight
 l - 4 potions of curing
 o - a potion of lignification
 q - a potion of heal wounds
 r - 2 potions of ambrosia
 D - a potion of degeneration {unknown}


   Skills:
 - Level 5.0 Dodging
 - Level 5.0 Stealth
 - Level 5.0 Spellcasting
 + Level 8.5 Conjurations
 - Level 5.0 Transmutations
 + Level 8.8 Fire Magic
 + Level 7.9 Poison Magic


You had 8 spell levels left.
You knew the following spells:

 Your Spells              Type           Power      Damage    Failure   Level
a - Foxfire               Conj/Fire      100%       2x1d9     1%          1
b - Sting                 Tmut/Pois      100%       1d8       1%          1
c - Olgreb's Toxic Radia  Pois           40%        N/A       3%          4
d - Fireball              Conj/Fire      21%        3d10      8%          5

Your spell library contained the following spells:

 Spells                   Type           Power      Damage    Failure   Level
 Conjure Flame            Conj/Fire      43%        6-21      1%          3
 Sticky Flame             Conj/Fire      43%        2d6       2%          4
 Poisonous Vapours        Pois/Air       46%        N/A       3%          2
 Inner Flame              Hex/Fire       25%        N/A       4%          3
 Corpse Rot               Necr/Air       N/A        N/A       16%         2
 Ozocubu's Armour         Ice            5%         N/A       30%         3
 Tukima's Dance           Hex            5%         N/A       30%         3
 Starburst                Conj/Fire      21%        6d7       41%         6
 Freezing Cloud           Conj/Ice/Air   8%         6-21      65%         5
 Passage of Golubria      Tloc           N/A        N/A       69%         4
 Yara's Violent Unravell  Hex/Tmut       8%         3d5       69%         5
 Simulacrum               Ice/Necr       2%         N/A       100%        6
 Ozocubu's Refrigeration  Ice            2%         4d5       100%        7
 Ignition                 Fire           22%        3d8       100%        8
 Polar Vortex             Ice            2%         N/A       100%        9


Dungeon Overview and Level Annotations

Branches:
Dungeon (8/15)             Temple (1/1) D:7           Sewer (visited)
   Lair: D:8-11

Altars:
Ashenzari
Cheibriados
Dithmenos
Fedhas
Gozag
Kikubaaqudgha
Makhleb
Nemelex Xobeh
Okawaru
Qazlal
Ru
Sif Muna
Trog
Vehumet
Wu Jian
Xom
Zin
The Shining One

Shops:
D:7 *[((   D:8 =

Annotations:
D:5 Ijyb
D:8 Grum


Innate Abilities, Weirdness & Mutations

You are agile. (Dex +2)


Message History

Confirm with . or Enter, or press ? or * to list all spells.
You conjure some foxfire!
The foxfire hits the wolf!
The wolf is severely wounded.
The wolf misses you.
The foxfire hits the wolf but does no damage.
The wolf is severely wounded.
The wolf closely misses you.
Grum hits you from afar with a +1 glaive!
Casting: Foxfire (safe; 1% risk of failure)
Confirm with . or Enter, or press ? or * to list all spells.
You conjure some foxfire!
The foxfire hits Grum.
Grum is heavily wounded.
The wolf bites you but does no damage. Grum barely misses you.
Unknown command.
Casting: Foxfire (safe; 1% risk of failure)
Confirm with . or Enter, or press ? or * to list all spells.
You conjure some foxfire!
The foxfire hits the wolf.
The wolf is almost dead.
The foxfire hits the wolf but does no damage.
The wolf is almost dead.
The wolf barely misses you.
The foxfire hits the wolf but does no damage.
The wolf is almost dead.
The wolf closely misses you. Grum barely misses you.
Casting: Foxfire (safe; 1% risk of failure)
Confirm with . or Enter, or press ? or * to list all spells.
You conjure some foxfire!
The foxfire hits Grum.
Grum is heavily wounded.
The foxfire hits Grum.
Grum is severely wounded.
The wolf closely misses you. The wolf misses you.
Grum hits you from afar with a +1 glaive!!
Casting: Foxfire (safe; 1% risk of failure)
Confirm with . or Enter, or press ? or * to list all spells.
You conjure some foxfire!
The wolf misses you.
Grum hits you from afar with a +1 glaive!!
* * * LOW HITPOINT WARNING * * *
The wolf bites you!
You die...
Your body crumbles into a pile of gold.

# ......≈≈ ###
##. ....... ##.#
##...≈ ......
##..#
....≈≈###....## ≈
...##
##.≈≈≈≈#..$...#≈≈
#.## ..≈≈≈
≈..g.....≈≈ #..#
..P≈≈≈ #vh....#
#..#
#..≈≈.###@v..## .
##.##
....≈≈≈#vv§...#≈≈
#..#
....≈≈≈........≈≈
#..#
##.≈≈≈≈#......#≈≈
##.#
...$≈.###....## .
# #.#
#..≈≈≈≈#..$...#≈≈
###.#
P...≈≈≈..$.....≈≈
....#
.##..≈≈#......#≈≈
#..##
#....≈###$...## .


You could see Grum (ally target) and a wolf (ally target).

Vanquished Creatures
  Harold (D:7)
  Erica (D:8)
  Pikel (D:4)
  Maurice (D:8)
  A hornet (D:8)
  Eustachio (D:4)
  2 steam dragons
  Edmund (D:5)
  Menkaure (D:5)
  A water moccasin (D:6)
  2 ice beasts (D:6)
  An ogre (D:7)
  A wolf (D:8)
  A centaur (D:7)
  A lemure (D:4)
  3 kobold brigands
  A scorpion (D:6)
  A water moccasin skeleton (D:5)
  3 howler monkeys (D:8)
  2 electric eels (D:8)
  3 centaur zombies
  2 hounds
  An orc priest (D:8)
  3 bullfrog skeletons
  A jelly (D:5)
  A centaur skeleton (D:7)
  An iguana (D:5)
  4 orc wizards
  A killer bee zombie (D:8)
  3 hound skeletons
  3 adders
  4 gnolls (D:3)
  A river rat (Sewer)
  3 white imps
  An adder skeleton (D:4)
  2 worms
  4 dart slugs
  10 orcs
  5 ball pythons
  7 bats
  6 endoplasms
  4 giant cockroaches
  6 goblins
  8 hobgoblins
  4 jackals (D:2)
  2 quokkas (D:1)
  A frilled lizard (D:6)
  18 kobolds
  11 rats
147 creatures vanquished.

Vanquished Creatures (collateral kills)
  6 foxfires
6 creatures vanquished.

Vanquished Creatures (others)
  940 foxfires
  37 plants
977 creatures vanquished.

Grand Total: 1130 creatures vanquished

Notes
Turn   | Place    | Note
-------+----------+-------------------------------------------
     0 | D:1      | Descartes the Deep Elf Fire Elementalist began the quest
                  | for the Orb.
     0 | D:1      | Reached XP level 1. HP: 10/10 MP: 6/6
   275 | D:1      | Found a faded altar of an unknown god.
   302 | D:1      | Reached XP level 2. HP: 15/15 MP: 5/8
   698 | D:1      | Learned a level 1 spell: Sting
  1158 | D:2      | Reached XP level 3. HP: 19/19 MP: 5/9
  1883 | D:2      | Reached XP level 4. HP: 24/24 MP: 3/10
  2475 | D:3      | Reached skill level 1 in Poison Magic
  2550 | D:3      | Reached skill level 1 in Transmutations
  2606 | D:3      | Found a glowing drain.
  2615 | Sewer    | Entered a sewer
  2705 | Sewer    | Noticed a kobold brigand
  2710 | Sewer    | Killed a kobold brigand
  2711 | Sewer    | Reached XP level 5. HP: 28/28 MP: 4/12
  2793 | Sewer    | Found a white marble altar of Elyvilon.
  2868 | Sewer    | Gained mutation: You are agile. (Dex +2) [potion of
                  | mutation]
  3003 | D:3      | Learned a level 4 spell: Olgreb's Toxic Radiance
  3009 | D:3      | Learned a level 5 spell: Fireball
  3864 | D:4      | Reached XP level 6. HP: 32/32 MP: 6/14
  3960 | D:4      | Found a shadowy altar of Dithmenos.
  3980 | D:4      | Noticed Eustachio
  3994 | D:4      | Killed Eustachio
  4517 | D:4      | Noticed Pikel
  4747 | D:4      | Killed Pikel
  4748 | D:4      | Reached skill level 5 in Stealth
  4748 | D:4      | Reached skill level 5 in Spellcasting
  4748 | D:4      | Reached XP level 7. HP: 25/36 MP: 0/16
  5193 | D:5      | Entered Level 5 of the Dungeon
  5216 | D:5      | Noticed Menkaure
  5222 | D:5      | Killed Menkaure
  5223 | D:5      | Reached skill level 5 in Fire Magic
  5223 | D:5      | Reached XP level 8. HP: 13/41 MP: 1/17
  5477 | D:5      | Reached skill level 5 in Dodging
  5785 | D:5      | Noticed Ijyb
  6168 | D:5      | Noticed Edmund
  6179 | D:5      | Killed Edmund
  6542 | D:6      | Reached skill level 5 in Conjurations
  6757 | D:6      | Found a sacrificial altar of Ru.
  7419 | D:6      | Reached skill level 5 in Transmutations
  7419 | D:6      | Reached skill level 5 in Poison Magic
  7592 | D:7      | Found a shimmering altar of Xom.
  7714 | D:7      | Reached XP level 9. HP: 33/45 MP: 5/18
  7814 | D:7      | Found Qamon's Weapon Shoppe.
  7834 | D:7      | Found Couwow's Antique Weapon Boutique.
  7864 | D:7      | Found a shimmering blue altar of Sif Muna.
  8019 | D:7      | Found a staircase to the Ecumenical Temple.
  8033 | D:7      | Found Joaqowki's Armour Emporium.
  8039 | D:7      | Noticed Harold
  8058 | D:7      | Killed Harold
  8065 | Temple   | Entered the Ecumenical Temple
  8071 | Temple   | Became a worshipper of Gozag Ym Sagoz the Greedy
  8177 | D:7      | Found Oppeikku's General Store.
  8185 | D:7      | Bought a scroll of teleportation for 45 gold pieces
  8185 | D:7      | Bought a potion of curing for 45 gold pieces
  8185 | D:7      | Bought a scroll of fog for 30 gold pieces
  8791 | D:8      | Noticed Maurice
  8802 | D:8      | Killed Maurice
  9054 | D:8      | Noticed Erica
  9271 | D:8      | Killed Erica
  9272 | D:8      | Reached XP level 10. HP: 31/50 MP: 7/19
  9475 | D:8      | Found an iron altar of Okawaru.
 10187 | D:8      | Found Fichuel's Jewellery Emporium.
 10639 | D:8      | Noticed Grum
 10652 | D:8      | Slain by a wolf

Illustrated notes

Levels and vault maps discovered:
D:1:      minmay_arrival_diagonal_passages, layout_loops_ring,
          dilly_ecumenical_altar_fadedgnrine, corexii_hall_statues_l
D:2:      layout_basic, serial_bayou, serial_bayou_lagoon_b,
          serial_bayou_pond_e, serial_bayou_ford_a, serial_bayou_lagoon_a,
          chequers_serial_rivers_large_a
D:3:      minmay_diamond_boxcup, layout_basic, portal_sewer_entry_d,
          serial_park_tiny_2
D:4:      layout_basic, mainiacjoe_overflow_surrounded_room, uniq_pikel,
          uniq_eustachio
D:5:      layout_cave_pods, uniq_menkaure, uniq_ijyb, uniq_edmund
D:6:      layout_basic, nicolae_ru_great_annihilating_truth
D:7:      layout_loops_ring, led_sif_book, mainiacjoe_overflow_small_starburst,
          temple_pool_b, serial_shops, nicolae_stop_n_shop_1,
          kennysheep_little_box, shop, nicolae_shop_window_shopping,
          minmay_misc_feat_secret_circle, uniq_harold
D:8:      wad_lake_hut, layout_layer_cave, okawaru_ov_weapons_minmay,
          serial_shops, nicolae_shop_crystal, uniq_maurice, uniq_maggie,
          uniq_grum, uniq_erica
Temple:   nicolae_temple_x_marks_the_god

Skill      XL: |  1  2  3  4  5  6  7  8  9 |
---------------+----------------------------+-----
Stealth        | 3 5 |  5.0
Dodging        | 3 4 5 |  5.0
Conjurations   | 2 3 4 6 8 |  8.5
Poison Magic   | 1 3 5 7 |  7.9
Transmutations | 1 3 5 |  5.0
Fire Magic     | 4 5 6 8 |  8.8
Spellcasting   | 4 5 |  5.0

Action                   |  1- 3 |  4- 6 |  7- 9 | 10-12 || total
-------------------------+-------+-------+-------+-------++-------
Melee: Dagger            |     9 |       |       |     1 ||    10
 Cast: Foxfire           |    85 |   167 |   241 |    92 ||   585
Evoke: Wand              |       |       |     1 |     1 ||     2
  Use: Scroll            |       |     6 |     4 |       ||    10
       Potion            |       |     3 |     1 |       ||     4
Armor: Robe              |     6 |     5 |     1 |       ||    12
       Steam dragon scal |       |       |     3 |     5 ||     8
Dodge: Dodged            |    22 |    49 |    29 |    27 ||   127
